 Dungeon Crawl Stone Soup version 0.30-a0-1074-g5db6f66fbb (webtiles) character file.

Game seed: 10814400393230301304

57245 senseless the Nimble (level 14, -1/107 (114) HPs)
             Began as a Gnoll Monk on Apr 13, 2023.
             Was an Elder of Jiyva.
             Killed by divine providence
             ... invoked by Saint Roka
              (11 damage)
             ... on level 2 of the Orcish Mines.
             The game lasted 00:58:05 (18133 turns).

senseless the Nimble (Gnoll Monk)                  Turns: 18133, Time: 00:58:06

HP:   -1/107 (114)  AC: 21    Str: 17    XL:     14   Next: 85%
MP:   27/27         EV: 13    Int: 20    God:    Jiyva [****..]
Gold: 2837          SH:  6    Dex: 12    Spells: 29/32 levels left

rFire   . . .      SeeInvis .    a - +7 Throatcutter {drain, coup de grace}
rCold   . . .      Faith    +    i - +0 buckler
rNeg    . . .      Spirit   .    o - +5 scale mail of Heas Dyi {Rampage +Inv Int-3}
rPois   +          Reflect  .    l - +1 helmet
rElec   .          Rampage  +    C - +2 cloak
rCorr   +                        (no gloves)
Will    +....                    Q - +0 pair of boots
Stlth   +++                      Y - amulet of the Growing Saviour {Faith Str-2 Int+4}
HPRegen 1.65/turn                j - +6 ring of strength
MPRegen 0.60/turn                v - ring of poison resistance

@: studying Stealth, drained
A: fangs 1, strong nose, distributed training, claws 2, clever 2
a: Renounce Religion, Evoke Invisibility, Oozemancy, Slimify


You were on level 2 of the Orcish Mines.
You worshipped Jiyva.
Jiyva was greatly pleased with you.
You visited 4 branches of the dungeon, and saw 25 of its levels.

You collected 2837 gold pieces.

Inventory:

Hand Weapons
 a - the +7 Throatcutter (weapon) {drain, coup de grace}
   (You found it on level 2 of the Dungeon)
 b - the +7 whip of Tonlyop {freeze, Str+2}
   (You found it on level 12 of the Dungeon)

   Str:       It affects your strength (+2).
Missiles
 z - 3 boomerangs of dispersal (quivered)
 U - 3 boomerangs
Armour
 d - an orb of light
 i - a +0 buckler (worn)
 l - a +1 helmet (worn)
 o - the +5 scale mail of Heas Dyi (worn) {Rampage +Inv Int-3}
   (You found it on level 6 of the Dungeon)

   Int:       It affects your intelligence (-3).
   +Inv:      It lets you turn invisible.
   Rampage:   It bestows one free step when moving towards enemies.
 C - a +2 cloak (worn)
 L - +0 acid dragon scales
 Q - a +0 pair of boots (worn)
Jewellery
 j - a +6 ring of strength (left claw)
 q - a ring of magical power
 v - a ring of poison resistance (right claw)
 G - a ring of positive energy
 J - a ring of wizardry
 M - an amulet of regeneration
 P - a ring of ice
 T - a ring of protection from fire
 Y - the amulet of the Growing Saviour (around neck) {Faith Str-2 Int+4}
   (You found it on level 12 of the Dungeon)

   [amulet of faith]

   It allows you to gain divine favour quickly.
   Str:       It affects your strength (-2).
   Int:       It affects your intelligence (+4).
Wands
 y - a wand of charming (13)
 A - a wand of digging (4)
 F - a wand of acid (12)
 I - a wand of mindburst (35)
 K - a wand of polymorph (20)
 W - a wand of flame (76)
 X - a wand of iceblast (19)
Scrolls
 g - 4 scrolls of fog
 m - 2 scrolls of teleportation
 p - 4 scrolls of fear
 B - 7 scrolls of identify
 D - 7 scrolls of blinking
 H - a scroll of vulnerability {unknown}
 R - a scroll of butterflies
 V - a scroll of poison
 Z - 2 scrolls of magic mapping
Potions
 c - 3 potions of ambrosia
 f - 4 potions of flight
 h - 8 potions of curing
 k - 3 potions of resistance
 n - a potion of brilliance
 s - 2 potions of lignification
 t - 5 potions of invisibility
 u - 7 potions of mutation
 w - 5 potions of might
 x - 3 potions of attraction
 N - 2 potions of magic
 S - a potion of berserk rage
Miscellaneous
 O - a phantom mirror


   Skills:
 + Level 11.8 Fighting
 + Level 9.9 Short Blades
 + Level 9.9 Long Blades
 + Level 11.8 Axes
 + Level 9.9 Maces & Flails
 + Level 9.9 Polearms
 + Level 9.9 Staves
 + Level 9.9 Ranged Weapons
 + Level 9.9 Throwing
 + Level 9.9 Armour
 + Level 11.8 Dodging
 + Level 11.4 Stealth
 + Level 9.9 Shields
 + Level 9.9 Unarmed Combat
 + Level 9.9 Spellcasting
 + Level 8.3 Conjurations
 + Level 8.3 Hexes
 + Level 8.3 Summonings
 + Level 8.3 Necromancy
 + Level 8.3 Translocations
 + Level 8.3 Transmutations
 + Level 8.3 Fire Magic
 + Level 8.3 Ice Magic
 + Level 8.3 Air Magic
 + Level 8.3 Earth Magic
 + Level 8.3 Poison Magic
 + Level 10.8 Invocations
 + Level 9.9 Evocations


You had 29 spell levels left.
You knew the following spells:

 Your Spells              Type           Power      Damage    Failure   Level
a - Hailstorm             Conj/Ice       43%        3d10      2%          3

Your spell library contained the following spells:

 Spells                   Type           Power      Damage    Failure   Level
 Portal Projectile        Hex/Tloc       86%        N/A       2%          3
 Tukima's Dance           Hex            43%        N/A       2%          3
 Vhi's Electric Charge    Tloc/Air       86%        N/A       2%          3
 Animate Armour           Summ/Erth      86%        N/A       8%          4
 Ice Form                 Ice/Tmut       43%        N/A       8%          4
 Arcjolt                  Conj/Air       21%        1d31      22%         5
 Blade Hands              Tmut           21%        N/A       22%         5
 Irradiate                Conj/Tmut      21%        3d18      22%         5
 Iron Shot                Conj/Erth      21%        9d5       75%         6
 Plasma Beam              Fire/Air       21%        2x1d36    75%         6
 Simulacrum               Ice/Necr       21%        N/A       75%         6
 Dragon Form              Tmut           21%        N/A       100%        7


Dungeon Overview and Level Annotations

Branches:
Dungeon (13/15)            Temple (0/1) D:6            Lair (5/5) D:9
 Shoals (0/4) Lair:3       Spider (0/4) Lair:3        Slime (5/5) Lair:4
    Orc (2/2) D:11
    Elf: Orc:2       Vaults: D:13-14

Altars:
Ashenzari
Cheibriados
Dithmenos
Hepliaklqana
Kikubaaqudgha
Ru
Sif Muna
Trog
Wu Jian
Xom
The Shining One
Jiyva
Lugonu

Shops:
D:1 (

Portals:
Abyss: Lair:5

Annotations:
D:7 2 transporters, Sermion's ghost, novice TrBe
Slime:5 Royal Jelly
Orc:2 Saint Roka


Innate Abilities, Weirdness & Mutations

You have very sharp teeth.
Your uncanny sense of smell can sniff out nearby items.
Your experience applies equally to all skills.
You have very sharp fingernails.
Your mind is very acute. (Int +8, Str/Dex -2)


Message History

Beogh smites you!
Saint Roka calls down the wrath of Beogh upon you.
Beogh smites you!
Found 20 gold pieces.
Saint Roka calls down the wrath of Beogh upon you.
Beogh smites you!
Found 25 gold pieces.
Saint Roka barely misses you.
You hit Saint Roka. You drain Saint Roka.
Saint Roka is lightly wounded.
Saint Roka calls down the wrath of Beogh upon you.
Beogh smites you!
You barely miss Saint Roka.
Saint Roka is lightly wounded.
Saint Roka invokes the aid of Beogh against you.
Beogh smites you!
You hit Saint Roka. You bite Saint Roka, but do no damage.
Saint Roka is lightly wounded.
Saint Roka invokes the aid of Beogh against you.
Beogh smites you!
You barely miss Saint Roka.
Saint Roka is lightly wounded.
Saint Roka roars a battlecry!
The orc priest goes into a battle-frenzy!
You completely miss Saint Roka. You bite Saint Roka, but do no damage.
Saint Roka is lightly wounded.
Saint Roka hits you with a +2 battleaxe of electrocution!!
You are too injured to fight recklessly!
Saint Roka attacks as you move away!
Saint Roka hits you with a +2 battleaxe of electrocution!!
* * * LOW HITPOINT WARNING * * *
Saint Roka attacks as you move away! Saint Roka barely misses you.
Saint Roka invokes the aid of Beogh against you.
Beogh smites you!
* * * LOW HITPOINT WARNING * * *
You see here 18 gold pieces.
The orc priest casts a cantrip, but nothing happens.
There is a stone staircase leading up, spattered with blood here.
Saint Roka mumbles some strange prayers to Beogh against you.
Beogh smites you!
You die...

...........o.
............
#.......oo ......o.
#.....# #.....#
#.....# ..
#8...8#### ...
.#.....#)@####...
........[[)$.......
.........).o.......
#.......(..o.......
##....((.........#.
.......^.........#
.................#
...(<..........##
.............##


You could see Saint Roka (drained) and an orc priest (strong).

Vanquished Creatures
  Gastronok (D:11)
  3 hydras
  Erica (D:10)
  3 boulder beetles
  2 two-headed ogres
  7 death yaks
  3 thrashing horrors (Lair:5)
  An orc high priest (Orc:1)
  Nergalle (Orc:1)
  A skyshark (Lair:4)
  Pikel (D:4)
  3 orc knights (Orc:1)
  2 lindwurms (D:12)
  An ugly thing (D:12)
  An elephant (shapeshifter) (Lair:5)
  5 elephants (Lair:2)
  Maurice (D:8)
  Joseph (D:7)
  3 black mambas
  2 torpor snails
  4 large abominations (Lair:5)
  8 cane toads
  4 gargoyles
  A black mamba (shapeshifter) (Lair:5)
  2 smoke demons (Lair:5)
  An unseen horror (D:12)
  A rime drake (Lair:3)
  An efreet (D:13)
  6 komodo dragons
  2 kobold demonologists (D:11)
  An ancient zyme (Lair:5)
  A polar bear (shapeshifter) (Lair:5)
  4 trolls
  2 polar bears (Lair:4)
  Prince Ribbit (D:7)
  A snapping turtle (Lair:3)
  28 blink frogs
  Sigmund (D:4)
  A water elemental (D:12)
  2 jumping spiders (D:12)
  3 shadows
  6 wyverns
  2 vampires
  3 basilisks
  A basilisk (shapeshifter) (Lair:5)
  44 yaks
  A wraith (D:11)
  6 vampire mosquitoes
  A chaos spawn (Lair:5)
  5 redbacks
  14 water moccasins
  2 acid dragons
  Duvessa (D:7)
  4 black bears
  9 orc warriors
  A sky beast (D:6)
  An ice beast (D:7)
  7 wolves
  6 ogres
  7 centaurs
  A kobold brigand (D:8)
  A gnoll sergeant (D:5)
  20 bullfrogs
  4 scorpions
  13 small abominations (Lair:5)
  Dowan (D:7)
  5 wights (D:8)
  4 killer bees (D:8)
  5 howler monkeys
  9 electric eels
  3 lava snakes (D:12)
  6 hounds
  3 jellies
  Crazy Yiuf (D:5)
  11 orc priests
  A sleepcap (D:6)
  Ijyb (D:5)
  2 hell rats (Lair:5)
  3 iguanas
  16 orc wizards
  7 gnolls
  7 adders
  7 river rats (Lair:5)
  2 shadow imps
  2 white imps
  3 ufetubi
  A worm (D:2)
  4 dart slugs
  48 orcs
  9 endoplasms
  2 giant cockroaches
  7 goblins
  8 hobgoblins
  3 jackals (D:1)
  2 quokkas (D:4)
  5 ball pythons
  9 bats
  2 frilled lizards (D:1)
  14 kobolds
  11 rats
  3 bushes (D:2)
505 creatures vanquished.

Vanquished Creatures (others)
  A water moccasin (Lair:5)
  A human (D:10)
  17 jellies
  3 river rats (Lair:5)
  3 orcs
  A rat (Lair:5)
  40 fungi
  83 plants
149 creatures vanquished.

Grand Total: 654 creatures vanquished

Notes
Turn   | Place    | Note
-------+----------+-------------------------------------------
     0 | D:1      | senseless the Gnoll Monk began the quest for the Orb.
     0 | D:1      | Reached XP level 1. HP: 23/23 MP: 1/1
    68 | D:1      | Found Pilaziots's Antique Weapon Shop.
    81 | D:1      | Reached XP level 2. HP: 28/29 MP: 2/2
   625 | D:2      | Reached XP level 3. HP: 33/35 MP: 3/3
   653 | D:2      | Found the +7 Throatcutter {drain, coup de grace}
   669 | D:2      | Identified the +0 ring mail "Eluitiwn" {Stlth+}
   698 | D:2      | Reached skill level 1 in Invocations
   830 | D:2      | Reached skill level 1 in Short Blades
   830 | D:2      | Reached skill level 1 in Long Blades
   830 | D:2      | Reached skill level 1 in Maces & Flails
   830 | D:2      | Reached skill level 1 in Polearms
   830 | D:2      | Reached skill level 1 in Staves
   830 | D:2      | Reached skill level 1 in Ranged Weapons
   830 | D:2      | Reached skill level 1 in Throwing
   830 | D:2      | Reached skill level 1 in Armour
   830 | D:2      | Reached skill level 1 in Shields
   830 | D:2      | Reached skill level 1 in Unarmed Combat
   830 | D:2      | Reached skill level 1 in Spellcasting
   830 | D:2      | Reached skill level 1 in Evocations
   861 | D:2      | Reached XP level 4. HP: 41/41 MP: 5/5
  1599 | D:3      | Found a faded altar of an unknown god.
  1615 | D:3      | Noticed a bullfrog
  1618 | D:3      | Killed a bullfrog
  1619 | D:3      | Reached skill level 1 in Conjurations
  1619 | D:3      | Reached skill level 1 in Hexes
  1619 | D:3      | Reached skill level 1 in Summonings
  1619 | D:3      | Reached skill level 1 in Necromancy
  1619 | D:3      | Reached skill level 1 in Translocations
  1619 | D:3      | Reached skill level 1 in Transmutations
  1619 | D:3      | Reached skill level 1 in Fire Magic
  1619 | D:3      | Reached skill level 1 in Ice Magic
  1619 | D:3      | Reached skill level 1 in Air Magic
  1619 | D:3      | Reached skill level 1 in Earth Magic
  1619 | D:3      | Reached skill level 1 in Poison Magic
  1619 | D:3      | Reached XP level 5. HP: 47/47 MP: 5/7
  1713 | D:3      | Found an ornate altar of the Wu Jian Council.
  2205 | D:4      | Noticed Sigmund
  2216 | D:4      | Killed Sigmund
  2217 | D:4      | Reached XP level 6. HP: 46/53 MP: 7/9
  2338 | D:4      | HP: 2/53 [ogre/+0 giant club (28)]
  2630 | D:4      | Found a snail-covered altar of Cheibriados.
  2647 | D:4      | Reached XP level 7. HP: 60/60 MP: 10/10
  3012 | D:4      | Identified a scroll of acquirement
  3012 | D:4      | Acquired 497 gold pieces
  3015 | D:5      | Entered Level 5 of the Dungeon
  3030 | D:5      | Found a runed translucent door.
  3031 | D:5      | Noticed Crazy Yiuf
  3093 | D:5      | Reached skill level 5 in Stealth
  3124 | D:5      | Noticed Pikel
  3139 | D:4      | Killed Pikel
  3140 | D:4      | Reached XP level 8. HP: 55/67 MP: 10/12
  3302 | D:5      | Noticed Ijyb
  3307 | D:5      | Killed Ijyb
  3325 | D:5      | Found a hazy altar of Hepliaklqana.
  3326 | D:5      | Found a shimmering altar of Xom.
  3327 | D:5      | Noticed a spectral ugly thing
  3427 | D:5      | Found a broken altar of Ashenzari.
  3657 | D:5      | Killed Crazy Yiuf
  3808 | D:6      | Found a staircase to the Ecumenical Temple.
  4023 | D:6      | Reached XP level 9. HP: 73/73 MP: 14/14
  4024 | D:6      | Found a glowing golden altar of the Shining One.
  4059 | D:6      | Identified the +5 scale mail of Heas Dyi {Rampage +Inv
                  | Int-3}
  4101 | D:6      | Noticed a troll
  4113 | D:6      | Killed a troll
  4130 | D:6      | Reached skill level 5 in Invocations
  4253 | D:6      | Found a shimmering blue altar of Sif Muna.
  4381 | D:7      | Found a transporter.
  4381 | D:7      | Noticed Sermion's ghost (novice TrBe)
  4406 | D:7      | Noticed Prince Ribbit
  4406 | D:7      | Noticed a boulder beetle
  4416 | D:7      | Killed Prince Ribbit
  4460 | D:7      | Killed a boulder beetle
  4461 | D:7      | Reached skill level 5 in Short Blades
  4461 | D:7      | Reached skill level 5 in Long Blades
  4461 | D:7      | Reached skill level 5 in Maces & Flails
  4461 | D:7      | Reached skill level 5 in Polearms
  4461 | D:7      | Reached skill level 5 in Staves
  4461 | D:7      | Reached skill level 5 in Ranged Weapons
  4461 | D:7      | Reached skill level 5 in Throwing
  4461 | D:7      | Reached skill level 5 in Armour
  4461 | D:7      | Reached skill level 5 in Shields
  4461 | D:7      | Reached skill level 5 in Unarmed Combat
  4461 | D:7      | Reached skill level 5 in Spellcasting
  4461 | D:7      | Reached skill level 5 in Evocations
  4461 | D:7      | Reached XP level 10. HP: 60/81 MP: 17/17
  4577 | D:7      | Noticed a deep elf pyromancer
  4633 | D:7      | Noticed Joseph
  4644 | D:7      | Killed Joseph
  4838 | D:7      | Acquired 860 gold pieces
  4935 | D:7      | Noticed Dowan
  4938 | D:7      | Noticed Duvessa
  4950 | D:7      | Killed Duvessa
  4951 | D:7      | Killed Dowan
  5107 | D:7      | Found a transporter.
  5624 | D:8      | Noticed a two-headed ogre
  5637 | D:8      | Killed a two-headed ogre
  6009 | D:8      | Noticed Maurice
  6023 | D:8      | Killed Maurice
  6382 | D:9      | Reached skill level 5 in Conjurations
  6382 | D:9      | Reached skill level 5 in Hexes
  6382 | D:9      | Reached skill level 5 in Summonings
  6382 | D:9      | Reached skill level 5 in Necromancy
  6382 | D:9      | Reached skill level 5 in Translocations
  6382 | D:9      | Reached skill level 5 in Transmutations
  6382 | D:9      | Reached skill level 5 in Fire Magic
  6382 | D:9      | Reached skill level 5 in Ice Magic
  6382 | D:9      | Reached skill level 5 in Air Magic
  6382 | D:9      | Reached skill level 5 in Earth Magic
  6382 | D:9      | Reached skill level 5 in Poison Magic
  6384 | D:9      | Reached XP level 11. HP: 78/89 MP: 20/20
  6431 | D:9      | Found a staircase to the Lair.
  6560 | D:9      | Noticed a two-headed ogre
  6565 | D:9      | Killed a two-headed ogre
  6911 | D:9      | Found a bloodstained altar of Trog.
  7047 | D:10     | Entered Level 10 of the Dungeon
  7250 | D:10     | Noticed Erica
  7264 | D:10     | Killed Erica
  7335 | D:10     | Found a sacrificial altar of Ru.
  7456 | D:10     | Found an ancient bone altar of Kikubaaqudgha.
  7871 | D:11     | Found a staircase to the Orcish Mines.
  7957 | D:11     | Noticed Gastronok
  7968 | D:11     | Killed Gastronok
  8078 | D:11     | Reached XP level 12. HP: 94/97 MP: 22/22
  8119 | D:11     | Identified the +1 great sword of Fortitude {drain, Contam
                  | +Blink rCorr SInv}
  8574 | D:12     | Reached skill level 10 in Fighting
  8574 | D:12     | Reached skill level 10 in Axes
  8574 | D:12     | Reached skill level 10 in Dodging
  8615 | D:12     | Found a runed translucent door.
  8736 | D:12     | Found a shadowy altar of Dithmenos.
  8798 | D:12     | Learned a level 3 spell: Hailstorm
  9369 | D:12     | Found a runed translucent gate.
  9369 | D:12     | Found a runed translucent gate.
  9369 | D:12     | Found a runed translucent gate.
  9369 | D:12     | Found a runed translucent gate.
  9369 | D:12     | Found a runed translucent gate.
  9369 | D:12     | Found a runed translucent gate.
  9369 | D:12     | Noticed a boulder beetle
  9370 | D:12     | Noticed a boulder beetle
  9378 | D:12     | Identified the +7 whip of Tonlyop {freeze, Str+2}
  9400 | D:12     | Killed a boulder beetle
  9410 | D:12     | Killed a boulder beetle
  9583 | D:12     | Identified the amulet of the Growing Saviour {Faith Str-2
                  | Int+4}
 10081 | Lair:1   | Entered Level 1 of the Lair of Beasts
 10534 | Lair:1   | Reached XP level 13. HP: 98/104 MP: 25/25
 11929 | Lair:3   | Found a hole to the Spider Nest.
 12113 | Lair:2   | HP: 4/105 [black mamba (11)]
 13048 | Lair:3   | Found a staircase to the Shoals.
 13356 | Lair:4   | Found a staircase to the Slime Pits.
 13356 | Lair:4   | Found a viscous altar of Jiyva.
 13375 | Lair:4   | Reached skill level 10 in Stealth
 13652 | Lair:4   | Reached skill level 10 in Invocations
 13652 | Lair:4   | Reached XP level 14. HP: 52/113 MP: 27/27
 13879 | Lair:4   | Became a worshipper of Jiyva Jaumaimo the Shapeless
 13879 | Lair:4   | Reached * piety under Jiyva
 13879 | Lair:4   | Reached ** piety under Jiyva
 13892 | Slime:1  | Entered Level 1 of the Pits of Slime
 13921 | Slime:1  | Noticed an acid blob
 13923 | Slime:1  | Noticed an acid blob
 13924 | Slime:1  | Noticed an acid blob
 13925 | Slime:1  | Noticed an acid blob
 13973 | Slime:1  | Noticed an acid blob
 14018 | Slime:2  | Noticed an azure jelly
 14023 | Slime:2  | Noticed an acid blob
 14229 | Slime:1  | Noticed an acid blob
 14248 | Slime:1  | Found a viscous altar of Jiyva.
 14250 | Slime:1  | Noticed an acid blob
 14408 | Slime:2  | Noticed an acid blob
 14408 | Slime:2  | Noticed a quicksilver ooze
 14408 | Slime:2  | Noticed an acid blob
 14408 | Slime:2  | Noticed a rockslime
 14486 | Slime:3  | Noticed an azure jelly
 14488 | Slime:3  | Noticed an acid blob
 14491 | Slime:3  | Noticed an acid blob
 14537 | Slime:3  | Noticed an acid blob
 14548 | Slime:3  | Noticed an acid blob
 14559 | Slime:3  | Noticed a rockslime
 14616 | Slime:3  | Noticed an azure jelly
 14641 | Slime:3  | Noticed an acid blob
 14691 | Slime:3  | Noticed a rockslime
 14691 | Slime:3  | Noticed an acid blob
 14949 | Slime:4  | Noticed an acid blob
 14951 | Slime:4  | Noticed an acid blob
 14951 | Slime:4  | Noticed an azure jelly
 14999 | Slime:4  | Noticed an acid blob
 15071 | Slime:5  | Entered Level 5 of the Pits of Slime
 15071 | Slime:5  | Noticed a rockslime
 15080 | Slime:5  | Noticed an azure jelly
 15100 | Slime:5  | Noticed an acid blob
 15122 | Slime:5  | Noticed a rockslime
 15141 | Slime:5  | Noticed an acid blob
 15150 | Slime:5  | Noticed a rockslime
 15153 | Slime:5  | Noticed an azure jelly
 15159 | Slime:5  | Noticed the Royal Jelly
 15160 | Slime:5  | Noticed an acid blob
 15160 | Slime:5  | Noticed an acid blob
 15202 | Slime:5  | Noticed an acid blob
 15226 | Slime:5  | Noticed an acid blob
 15231 | Slime:5  | Found a viscous altar of Jiyva.
 15256 | Slime:5  | Noticed an acid blob
 15262 | Slime:5  | Noticed an acid blob
 15820 | Lair:5   | Entered Level 5 of the Lair of Beasts
 15954 | Lair:5   | Reached *** piety under Jiyva
 16141 | Lair:5   | Gained mutation: Your mind is acute. (Int +4, Str/Dex -1)
                  | [Jiyva's grace]
 16141 | Lair:5   | Gained mutation: Your mind is very acute. (Int +8, Str/Dex
                  | -2) [Jiyva's grace]
 16141 | Lair:5   | Gained mutation: You have sharp fingernails. [Jiyva's
                  | grace]
 16141 | Lair:5   | Gained mutation: You have very sharp fingernails. [Jiyva's
                  | grace]
 17070 | Lair:5   | Reached **** piety under Jiyva
 17300 | Lair:5   | Found a corrupted altar of Lugonu.
 17300 | Lair:5   | Found a one-way gate to the infinite horrors of the Abyss.
 17407 | Lair:5   | Identified the staff of air "Puodoilo" {rElec rF+ Str+2
                  | Dex+8}
 17595 | Orc:1    | Entered Level 1 of the Orcish Mines
 17712 | Orc:2    | Entered Level 2 of the Orcish Mines
 17717 | Orc:2    | Noticed Nergalle
 17717 | Orc:2    | Noticed Saint Roka
 17739 | Orc:1    | Killed Nergalle
 18133 | Orc:2    | Killed from afar by Saint Roka

Illustrated notes

Levels and vault maps discovered:
D:1:      amcnicky_arrival_underground_garden, layout_rooms, serial_shops,
          shop_statue
D:2:      layout_basic, serial_forest, infiniplex_forest_zigzag_2,
          infiniplex_forest_fountain, infiniplex_forest_end_1,
          infiniplex_forest_lined_4_way, infiniplex_forest_straight_4,
          infiniplex_forest_diagonal, infiniplex_forest_end_2,
          infiniplex_forest_straight_3, infiniplex_forest_lined_room_,
          infiniplex_forest_lined_3_way, grunt_decor_one_mirror
D:3:      layout_basic, mainiacjoe_overflow_boulevard, basic_ecumenical_altar
D:4:      layout_basic, kennysheep_slug_shrine, roderic_roman_lattice,
          uniq_sigmund
D:5:      layout_rooms, nicolae_ashenzari_panopticon,
          regret_index_temple_of_mockery, uniq_ijyb, uniq_crazy_yiuf_cottage,
          uniq_pikel
D:6:      layout_basic, nicolae_sif_muna_condensation,
          mainiacjoe_overflow_cross_hatched,
          minmay_temple_entry_drinking_statues, grunt_potential
D:7:      layout_basic, gammafunk_ghost_arena, uniq_joseph, uniq_duvessa,
          uniq_prince_ribbit1
D:8:      layout_basic, uniq_maurice
D:9:      layout_gridville, trog_book, erik_lair_island
D:10:     layout_cave_pools, tgw_kikubaaqudgha, lemuel_coloured_pillars_altar,
          minmay_door_square, columned_hall_lemuel, uniq_erica
D:11:     layout_cave_pools, erik_orc_3, uniq_gastronok
D:12:     gammafunk_indiana_jones, layout_irregular_city, serial_bayou,
          serial_bayou_shore_a, serial_bayou_lake_a, serial_bayou_ford_a,
          serial_bayou_crossing, serial_bayou_shore_b, grunt_dithmenos_smoke
D:13:     due_chaos_kobolds, layout_gridville,
          hangedman_vaults_entry_quadrant_bands, hangedman_decor_diamond_cutter
Lair:1:   layout_regular_city
Lair:2:   layout_regular_city, grunt_megastairs_4, serial_bayou_shore_b,
          infiniplex_staircase_pool_2, serial_bayou_shore_b
Lair:3:   layout_cave_pods, minmay_shoals_entry_hut, spider_nest_entry_webs
Lair:4:   layout_regular_city, slime_entry_1, grunt_megastairs_2
Lair:5:   hellmonk_lair_end_abyssal_woods, layout_loops_ring,
          kennysheep_abandoned_house
Slime:1:  layout_caves, basic_altar
Slime:2:  layout_caves
Slime:3:  nicolae_slime_infinislime, layout_caves
Slime:4:  layout_caves
Slime:5
Orc:1:    layout_caves, nicolae_specific_store
Orc:2:    grunt_orc_cross, layout_caves, uniq_snorg

Skill      XL: |  1  2  3  4  5  6  7  8  9 10 11 12 13 14 |
---------------+-------------------------------------------+-----
Invocations    | 1 2 3 4 5 6 7 8 10 | 10.8
Short Blades   | 1 2 3 5 6 7 8 9 |  9.9
Long Blades    | 1 2 3 5 6 7 8 9 |  9.9
Maces & Flails | 1 2 3 5 6 7 8 9 |  9.9
Polearms       | 1 2 3 5 6 7 8 9 |  9.9
Staves         | 1 2 3 5 6 7 8 9 |  9.9
Ranged Weapons | 1 2 3 5 6 7 8 9 |  9.9
Throwing       | 1 2 3 5 6 7 8 9 |  9.9
Armour         | 1 2 3 5 6 7 8 9 |  9.9
Shields        | 1 2 3 5 6 7 8 9 |  9.9
Unarmed Combat | 1 2 3 5 6 7 8 9 |  9.9
Spellcasting   | 1 2 3 5 6 7 8 9 |  9.9
Evocations     | 1 2 3 5 6 7 8 9 |  9.9
Conjurations   | 1 2 3 4 5 6 7 8 |  8.3
Hexes          | 1 2 3 4 5 6 7 8 |  8.3
Summonings     | 1 2 3 4 5 6 7 8 |  8.3
Necromancy     | 1 2 3 4 5 6 7 8 |  8.3
Translocations | 1 2 3 4 5 6 7 8 |  8.3
Transmutations | 1 2 3 4 5 6 7 8 |  8.3
Fire Magic     | 1 2 3 4 5 6 7 8 |  8.3
Ice Magic      | 1 2 3 4 5 6 7 8 |  8.3
Air Magic      | 1 2 3 4 5 6 7 8 |  8.3
Earth Magic    | 1 2 3 4 5 6 7 8 |  8.3
Poison Magic   | 1 2 3 4 5 6 7 8 |  8.3
Fighting       | 7 8 9 10 11 | 11.8
Axes           | 7 8 9 10 11 | 11.8
Dodging        | 7 8 9 10 11 | 11.8
Stealth        | 5 6 7 8 9 10 11 | 11.4

Action                     |  1- 3 |  4- 6 |  7- 9 | 10-12 | 13-15 || total
---------------------------+-------+-------+-------+-------+-------++-------
  Melee: Hand axe          |    50 |       |       |       |       ||    50
         Bite              |     8 |     7 |     7 |    67 |   166 ||   255
         Long sword        |    13 |    92 |   117 |   552 |   864 ||  1638
         Whip              |       |       |       |       |    70 ||    70
  Throw: Dart              |       |     6 |    12 |    10 |    11 ||    39
   Cast: Hailstorm         |       |       |       |     1 |     7 ||     8
  Evoke: Wand              |       |       |     2 |       |       ||     2
    Use: Scroll            |       |    10 |     4 |    15 |     6 ||    35
         Potion            |       |       |       |     1 |     3 ||     4
   Stab: Sleeping          |     1 |     2 |     5 |       |     6 ||    14
         Distracted        |       |     1 |       |       |     2 ||     3
 Armour: Robe              |     5 |       |       |       |       ||     5
         Ring mail         |     6 |    12 |    14 |       |       ||    32
         Scale mail        |       |       |    35 |   291 |   456 ||   782
  Dodge: Dodged            |    42 |    30 |    53 |   394 |   694 ||  1213
  Block: Buckler           |       |       |       |       |   194 ||   194

Table legend: (Time is in decaauts)
 A = Elapsed time spent in this place.
 B = Non-inter-level travel time spent in this place.
 C = Inter-level travel time spent in this place.
 D = Time resting spent in this place.
 E = Time spent auto-exploring this place.
 F = Levels seen in this place.
 G = Mean time per level.
                   A        B        C        D        E       F      G
               +--------+--------+--------+--------+--------+-----+--------+
         Total |  18278 |  16699 |   1579 |    787 |  12259 |  25 |  731.1 |
       Dungeon |  10411 |   9337 |   1074 |    459 |   6843 |  13 |  800.8 |
          Lair |   5866 |   5511 |    355 |    123 |   4038 |   5 | 1173.2 |
    Slime Pits |   1462 |   1320 |    142 |      0 |   1287 |   5 |  292.4 |
  Orcish Mines |    537 |    531 |      6 |    205 |     91 |   2 |  268.5 |
               +--------+--------+--------+--------+--------+-----+--------+

Top non-repeatable levels by time:
  Lair:5: 1624 daAuts
    D:12: 1322 daAuts
  Lair:2: 1196 daAuts
  Lair:3: 1152 daAuts
     D:8: 1119 daAuts
  Lair:4: 1046 daAuts
     D:2: 1013 daAuts
     D:4: 908 daAuts
     D:7: 900 daAuts
  Lair:1: 847 daAuts
     D:9: 847 daAuts
    D:10: 822 daAuts
    D:11: 746 daAuts
     D:5: 703 daAuts
     D:6: 612 daAuts
